General information
- name: BNet
- type: Ladder 1vs1/FFA
- host: Battle.net
- saver: 7.32
map: LostTemple
- players: 2
- length: 15:34
- speed: Fast
- version: 1.24 W3XP
- replay type: Public
» download(39 KB)
Players
team 1 (loser)
jeremybal (
orange | 19 APM | 288 actions | 15:33)
2 Far Seer
1 Feral Spirit
1 Chain Lighting
» actions
| Build / train | 51 | |
| Enter build submenu | 16 | |
| Enter hero's abilities submenu | 2 | |
| Right click | 85 | |
| Select / deselect | 105 | |
| Use ability | 29 | |
288 total
» units
» upgrades
| Envenomed Spears | 1 | |
| Burning Oil | 1 | |
2 total
» buildings
| Altar of Storms | 1 | |
| Orc Burrow | 7 | |
| Barracks | 1 | |
| Voodoo Lounge | 1 | |
| Stronghold | 1 | |
| Great Hall | 2 | |
| Fortress | 1 | |
| Beastiary | 2 | |
| War Mill | 1 | |
17 total
» build order
00:25 Altar of Storms
00:39 Orc Burrow
01:32 Barracks
02:14 Orc Burrow
02:54 Orc Burrow
03:12 Voodoo Lounge
04:07 Orc Burrow
04:33 Orc Burrow
05:11 Stronghold
05:36 Orc Burrow
06:00 Great Hall
07:48 Fortress
07:55 Beastiary
09:39 Beastiary
12:36 Orc Burrow
13:14 War Mill
14:47 Great Hall
» items
| Healing Salve | 2 | |
| Scroll of Speed | 2 | |
| Orb of Lightning | 1 | |
| Scroll of Town Portal | 1 | |
| Potion of Healing | 1 | |
7 total
team 2 (winner)
7.32 (
green | 66 APM | 1035 actions | 15:34)
3 Archmage
1 Blizzard
2 Brilliance Aura
2 Blood Mage
1 Flame Strike
1 Banish
» actions
| Assign group hotkey | 37 | |
| Basic commands | 42 | |
| Build / train | 83 | |
| ESC pressed | 1 | |
| Enter build submenu | 46 | |
| Enter hero's abilities submenu | 5 | |
| Give item / drop item | 5 | |
| Right click | 292 | |
| Select / deselect | 217 | |
| Select group hotkey | 177 | |
| Use ability | 130 | |
1035 total
» units
| Peasant | 20 | |
| Mortar Team | 4 | |
| Sorceress | 2 | |
| Dragonhawk Rider | 3 | |
| Flying Machine | 2 | |
31 total
» upgrades
| Masonry | 2 | |
| Gunpowder | 2 | |
| Sorceress Training | 1 | |
| Magic Sentry | 1 | |
| Armor | 1 | |
| Lumber Harvesting | 2 | |
9 total
» buildings
| Altar of Kings | 1 | |
| Farm | 9 | |
| Arcane Vault | 1 | |
| Scout Tower | 22 | |
| Lumber Mill | 1 | |
| Arcane Tower | 3 | |
| Guard Tower | 12 | |
| Town Hall | 1 | |
| Keep | 4 | |
| Blacksmith | 1 | |
| Arcane Sanctum | 1 | |
| Workshop | 3 | |
| Gryphon Aviary | 3 | |
| Castle | 1 | |
63 total
» build order
00:06 Altar of Kings
00:24 Farm
00:29 Farm
01:03 Arcane Vault
01:13 Farm
01:38 Scout Tower
02:01 Scout Tower
02:16 Scout Tower
02:33 Lumber Mill
02:49 Arcane Tower
02:50 Arcane Tower
03:23 Arcane Tower
04:00 Scout Tower
04:02 Scout Tower
04:02 Scout Tower
04:09 Scout Tower
04:10 Scout Tower
04:10 Scout Tower
04:28 Scout Tower
04:39 Guard Tower
04:42 Guard Tower
04:59 Guard Tower
05:31 Guard Tower
05:36 Scout Tower
05:48 Town Hall
05:55 Farm
05:58 Scout Tower
05:59 Scout Tower
06:21 Scout Tower
06:22 Scout Tower
06:22 Guard Tower
06:40 Guard Tower
06:53 Keep
06:53 Keep
06:53 Keep
07:02 Guard Tower
07:07 Guard Tower
07:18 Blacksmith
07:25 Guard Tower
08:03 Scout Tower
08:06 Scout Tower
08:40 Guard Tower
09:15 Arcane Sanctum
09:16 Workshop
09:18 Workshop
09:30 Workshop
09:35 Farm
11:38 Farm
11:39 Farm
11:41 Farm
12:22 Scout Tower
12:23 Scout Tower
12:24 Scout Tower
12:27 Gryphon Aviary
12:27 Gryphon Aviary
12:28 Gryphon Aviary
12:56 Castle
13:38 Scout Tower
13:39 Scout Tower
14:29 Guard Tower
15:25 Farm
» items
| Mechanical Critter | 1 | |
| Lesser Clarity Potion | 2 | |
| Scroll of Regeneration | 5 | |
| Potion of Healing | 3 | |
| Scroll of Town Portal | 1 | |
12 total
Chat log
(08:44 / All) jeremybal: wow what a poof